 Dungeon Crawl Stone Soup version 0.26.1-11-gd32895ea62 (webtiles) character file.

Game seed: 12108603269541623774

51 Kukuleta the Chiller (level 3, -1/16 HPs)
             Began as a Vine Stalker Ice Elementalist on June 29, 2021.
             Slain by an orc wizard
             ... wielding a +0 dagger
              (2 damage)
             ... on level 2 of the Dungeon.
             The game lasted 00:05:45 (1876 turns).

Kukuleta the Chiller (VSIE)                         Turns: 1876, Time: 00:05:45

Health: -1/16      AC:  2    Str: 10    XL:     3   Next: 83%
Magic:  0/8        EV: 12    Int: 16    God:
Gold:   55         SH:  0    Dex: 14    Spells: 6/7 levels left

rFire    . . .     SeeInvis .     - Unarmed
rCold    . . .     Faith    .   (no shield)
rNeg     . . .     Spirit   +   a - +0 robe
rPois    .         Reflect  .   (no helmet)
rElec    .         Harm     .   (no cloak)
rCorr    .         Rampage  .   (no gloves)
Will     .....                  (no boots)
Stlth    ++........             (no amulet)
HPRegen  0.05/turn              (no ring)
MPRegen  0.11/turn              (no ring)

@: no status effects
A: fangs 2, magic shield, antimagic bite, no potion heal 3
a: no special abilities


You were on level 2 of the Dungeon.
You visited 1 branch of the dungeon, and saw 2 of its levels.

You collected 55 gold pieces.

Inventory:

Armour
 a - a +0 robe (worn)
Scrolls
 c - a scroll of fog {unknown}
 e - a scroll of identify {unknown}
 g - a scroll of magic mapping {unknown}
Potions
 b - a potion of might {unknown}
 d - 2 potions of heal wounds {unknown}
 f - 2 potions of flight {unknown}
 h - a potion of haste {unknown}


   Skills:
 - Level 1.5 Dodging
 - Level 2.4 Stealth
 + Level 1.2 Unarmed Combat
 + Level 2.8 Spellcasting
 + Level 4.7 Ice Magic


You had 6 spell levels left.
You knew the following spells:

 Your Spells              Type           Power        Failure   Level
a - Freeze                Ice            68%          2%          1

Your spell library contained the following spells:

 Spells                   Type           Power        Failure   Level
 Frozen Ramparts          Ice            34%          9%          3
 Ozocubu's Armour         Ice            17%          9%          3
 Hailstorm                Conj/Ice       9%           56%         4
 Summon Ice Beast         Ice/Summ       9%           56%         4


Dungeon Overview and Level Annotations

Branches:
Dungeon (2/15)

Altars:


Innate Abilities, Weirdness & Mutations

You have extremely sharp teeth.
When hurt, damage is shared between your health and your magic reserves.
Your bite disrupts and absorbs the magic of your enemies.
Potions cannot restore your health.


Message History

You closely miss the orc. You bite the orc.
You kill the orc!
The orc misses you.
A hobgoblin comes into view. It is wielding a +0 club.
Things that are here:
a +0 dagger; 11 gold pieces; an orc corpse A bat comes into view.
The orc misses you.
A magic dart appears from out of thin air!
The magic dart hits you!
* * * LOW HITPOINT WARNING * * *
The hobgoblin shouts!
The bat hits you.
* * * LOW HITPOINT WARNING * * *
You barely miss something. You bite something. You drain its magic.
You feel invigorated. Something completely misses you. The bat misses you.
The orc barely misses you. Something hits you. The orc closely misses you.
You miss something. Your bite misses something. The bat closely misses you. x2
Something hits you.
You die...

### #.(.# #.#
#...# #.# #...#
#.. #...# ####
### #...# #...#
#####...##.....
...<....).......
........o{......
........@o.>...#
.#####..b#######
#...# #..g#
#...# #....
#...# ....#


You could see 2 orcs, a hobgoblin and a bat.

Vanquished Creatures
  An adder (D:2)
  2 leopard geckos (D:1)
  An orc (D:2)
  3 giant cockroaches
  9 goblins (D:1)
  5 hobgoblins (D:1)
  5 kobolds
  A quokka (D:2)
  A ball python (D:1)
  2 frilled lizards (D:1)
  6 rats
36 creatures vanquished.

Vanquished Creatures (others)
  A plant (D:2)
1 creature vanquished.

Grand Total: 37 creatures vanquished

Notes
Turn   | Place    | Note
-------+----------+-------------------------------------------
     0 | D:1      | Kukuleta the Vine Stalker Ice Elementalist began the quest
                  | for the Orb.
     0 | D:1      | Reached XP level 1. HP: 9/9 MP: 4/4
    67 | D:1      | Reached XP level 2. HP: 5/13 MP: 0/6
   838 | D:1      | Reached XP level 3. HP: 14/16 MP: 7/7
  1288 | D:1      | Reached skill level 1 in Unarmed Combat
  1704 | D:1      | You fall into a shaft and drop 1 floor!
  1876 | D:2      | Slain by an orc wizard

Illustrated notes

Levels and vault maps discovered:
D:1:      evilmike_arrival_plus, layout_basic
D:2:      layout_loops_cross, serial_bayou_crossing

Skill      XL: |  1  2  3 |
---------------+----------+-----
Unarmed Combat | 1 |  1.2
Dodging        | |  1.5
Stealth        | |  2.4
Spellcasting   | |  2.8
Ice Magic      | |  4.7

Action                   || total
-------------------------++-------
Melee: Short sword       ||     6
       Bite              ||    33
       Unarmed           ||   119
 Cast: Freeze            ||    20
 Stab: Sleeping          ||     3
Armor: Robe              ||    19
Dodge: Dodged            ||    77
